 Dungeon Crawl Stone Soup version 0.28.0 (webtiles) character file.

Game seed: 16331944169865638459

197 crazypyro the Chopper (level 5, -2/46 HPs)
             Began as a Hill Orc Berserker on Feb 10, 2022.
             Was a Believer of Trog.
             Slain by a sky beast (5 damage)
             ... on level 3 of the Dungeon.
             The game lasted 00:03:09 (3552 turns).

crazypyro the Chopper (Hill Orc Berserker)          Turns: 3552, Time: 00:03:10

Health: -2/46      AC:  0    Str: 22    XL:     5   Next: 75%
Magic:  5/5        EV: 12    Int:  7    God:    Trog [**....]
Gold:   146        SH:  0    Dex: 10    Spells: 4/4 levels left

rFire   . . .      SeeInvis .   a - +0 hand axe
rCold   . . .      Faith    .   (no shield)
rNeg    . . .      Spirit   .   (no armour)
rPois   .          Reflect  .   (no helmet)
rElec   .          Harm     .   (no cloak)
rCorr   +          Rampage  .   (no gloves)
Will    ++...                   (no boots)
Stlth   +.........              (no amulet)
HPRegen 1.15/turn               f - ring of resist corrosion
MPRegen 0.09/turn               (no ring)

@: lethally poisoned (-2 -> -2), strong-willed, regenerating
A: no striking features
a: Renounce Religion, Berserk, Trog's Hand


You were on level 3 of the Dungeon.
You worshipped Trog.
Trog was pleased with you.
You visited 1 branch of the dungeon, and saw 4 of its levels.

You collected 146 gold pieces.

Inventory:

Hand Weapons
 a - a +0 hand axe (weapon)
Armour
 b - a +0 animal skin
 l - a +0 ring mail
Jewellery
 e - a ring of ice
 f - a ring of resist corrosion (left hand)
Wands
 m - a wand of paralysis (13)
Scrolls
 c - a scroll of teleportation {unknown}
 d - a scroll of holy word {unknown}
 g - a scroll of identify {unknown}
 h - a scroll of immolation {unknown}
Potions
 i - a potion of heal wounds {unknown}
 j - a potion of cancellation {unknown}
 k - a potion of flight {unknown}


   Skills:
 + Level 3.9 Fighting
 * Level 7.7 Axes
 + Level 2.5 Armour
 + Level 1.9 Dodging


You had 4 spell levels left.
You didn't know any spells.
Your spell library was empty.

Dungeon Overview and Level Annotations

Branches:
Dungeon (4/15)
 Temple: D:4-7

Altars:
Hepliaklqana


Message History

The jackal bites you. The jackal barely misses you.
You closely miss the jackal.
The jackal is moderately wounded.
The jackal bites you.
You closely miss the jackal.
The jackal is moderately wounded.
The jackal bites you.
You slash the jackal!
You kill the jackal!
Trog accepts your kill.
You hit the jackal.
You kill the jackal!
Trog accepts your kill.
You closely miss the adder.
The adder is severely wounded.
The adder barely misses you.
Your skin crawls.
You feel strong-willed. The adder bites you.
You are poisoned.
The adder poisons you!
You slash the adder!
You kill the adder!
Trog accepts your kill.
You feel sick. The jackal bites you.
Your life force feels restored.
You slash the jackal!
You kill the jackal!
Trog accepts your kill.
The sky beast flickers out of sight!
Deactivating autopickup; reactivate with Ctrl-A.
You hit something.
You feel sick. Something hits you. Something shocks you.
You slash something!
You feel sick. Something hits you.
* * * LOW HITPOINT WARNING * * *
Something shocks you.
* * * LOW HITPOINT WARNING * * *
You slash something!
You feel sick. Something hits you.
* * * LOW HITPOINT WARNING * * *
Something shocks you.
You die...

.## #..#### .. ...#..#..
)# #.#..#.# # #.#
....#.##.#. ####.###
#.#h........ #......#
#h.....# #.#....#
#####h## #.#....### #†#
#.#†.....#######@##.#..#
#.#†#..#.##.............
................#######.
................#
..###.#..##.....#
#.##.....##.....#
#.##..#.###.#####
#.##..#.# #.# #........
..#


You could see a jackal.

Vanquished Creatures
  A centaur skeleton (D:4)
  Ijyb (D:3)
  7 adders
  3 dart slugs
  4 orcs (D:3)
  11 ball pythons
  6 endoplasms
  4 goblins
  4 hobgoblins
  10 jackals
  A quokka (D:3)
  6 bats
  4 frilled lizards
  7 kobolds
  4 rats
73 creatures vanquished.

Notes
Turn   | Place    | Note
-------+----------+-------------------------------------------
     0 | D:1      | crazypyro the Hill Orc Berserker began the quest for the
                  | Orb.
     0 | D:1      | Reached XP level 1. HP: 19/19 MP: 1/1
    87 | D:1      | Reached XP level 2. HP: 19/26 MP: 2/2
   444 | D:1      | Reached skill level 5 in Axes
  1034 | D:1      | Reached XP level 3. HP: 21/31 MP: 3/3
  1320 | D:1      | Reached ** piety under Trog
  1748 | D:2      | Reached skill level 6 in Axes
  1864 | D:2      | Found a hazy altar of Hepliaklqana.
  2363 | D:3      | Reached XP level 4. HP: 10/39 MP: 4/4
  2698 | D:3      | Noticed a sky beast
  2751 | D:4      | Reached skill level 7 in Axes
  2751 | D:4      | Reached XP level 5. HP: 21/45 MP: 5/5
  2945 | D:3      | Noticed Ijyb
  2954 | D:3      | Killed Ijyb
  2958 | D:3      | HP: 2/44 [poisoned by an adder]
  3552 | D:3      | Slain by a sky beast

Illustrated notes

Levels and vault maps discovered:
D:1:      wander_arrival_estate, layout_basic
D:2:      layout_loops_cross, basic_altar
D:3:      cheibrodos_helix_gallery, layout_loops_cross,
          ebering_ecumenical_altar_ruins, uniq_ijyb
D:4:      layout_cave_pools

Skill      XL: |  1  2  3  4 |
---------------+-------------+-----
Axes           | 5 6 7 |  7.7
Fighting       | |  3.9
Armour         | |  2.5
Dodging        | |  1.9

Action                   |  1- 3 |  4- 6 || total
-------------------------+-------+-------++-------
Melee: Hand axe          |   137 |    85 ||   222
       Punch             |     1 |     1 ||     2
Invok: Berserk           |     2 |     2 ||     4
       Trog's Hand       |     1 |     2 ||     3
  Use: Potion            |       |     1 ||     1
 Stab: Sleeping          |     1 |       ||     1
Armor: Animal skin       |    16 |    14 ||    30
Dodge: Dodged            |    86 |    60 ||   146
